Map: Port Aleksander LE

Players

TIME (Oliveira) - Winner!

  • Race: Terran Terran
  • Spawn Location: 11:00

Serral

  • Race: Zerg Zerg
  • Spawn Location: 5:00

Event: 2019 WCS Spring

VOD

Have the link to the VOD?

Description

Time

  • Played on: May 19, 2019, 8:56 a.m.
  • Length: 10:57

All games in this series

Show
View Real Time Build Order
Export as new Build Order

TIME Terran - Winner!

Build Orders: Reaper Expand 

Get SALT Encoding   

  12  0:00  SCV  
  13  0:12  SCV  
  14  0:18  Supply Depot  
  14  0:25  SCV  
  15  0:39  SCV, Barracks  
  16  0:44  Refinery  
  16  0:51  SCV  
  17  1:03  SCV  
  18  1:15  SCV  
  19  1:27  Reaper  
  19  1:28  Orbital Command  
  20  1:42  Command Center  
  20  1:52  Supply Depot  
  20  1:53  SCV  
  21  1:59  Marine  
  22  2:05  SCV  
  23  2:11  Factory  
  23  2:14  Refinery  
  23  2:17  SCV  
  23  2:21  Barracks Reactor  
  25  2:30  SCV  
  25  2:42  SCV  
  26  2:58  Starport  
  26  3:00  SCV  
  26  3:03  Hellion  
  26  3:04  Hellion  
  31  3:14  SCV, Orbital Command, Marine  
  33  3:26  SCV, Hellion x2  
  38  3:32  Marine  
  39  3:34  Supply Depot  
  39  3:37  Starport Tech Lab  
  39  3:39  Fusion Core, SCV  
  40  3:41  SCV  
  40  3:47  Refinery  
  40  3:51  SCV  
  40  3:53  SCV  
  42  3:56  Marine x2, Factory Tech Lab  
  42  4:00  Supply Depot  
  44  4:03  SCV  
  44  4:05  SCV  
  46  4:15  SCV  
  47  4:18  SCV  
  48  4:25  Supply Depot  
  48  4:26  Battlecruiser  
  48  4:27  SCV  
  48  4:30  Marine x2  
  57  4:36  SCV, Siege Tank  
  61  4:45  SCV  
  62  4:48  SCV, Supply Depot, Marine x2  
  62  4:52  Supply Depot  
  65  4:54  Weapon Refit  
  65  5:00  SCV x2  
  65  5:06  Marine x2  
  69  5:10  Siege Tank  
  69  5:13  SCV  
  73  5:17  SCV  
  73  5:18  Supply Depot  
  74  5:23  Marine  
  74  5:25  SCV  
  76  5:38  Command Center  
  76  5:42  Marine x2  
  76  5:45  Battlecruiser  
  76  5:46  SCV  
  85  5:50  SCV  
  86  5:57  Refinery, Supply Depot  
  86  5:58  SCV  
  86  6:00  Barracks  
  86  6:01  Barracks  
  86  6:06  SCV  
  87  6:12  Siege Tank  
  87  6:17  Barracks  
  90  6:21  Barracks  
  90  6:27  SCV  
  90  6:28  Marine  
  92  6:33  SCV  
  93  6:42  Engineering Bay  
  93  6:43  Engineering Bay  
  93  6:51  Barracks Reactor x2  
  93  6:52  Orbital Command  
  93  6:57  Starport Reactor, Stimpack, Marine  
  93  6:58  Siege Tank  
  97  7:04  SCV  
  98  7:14  Marine  
  99  7:20  Orbital Command  
  99  7:23  Barracks Reactor x2  
  99  7:26  SCV x2  
  101  7:30  Marine x2  
  101  7:32  Marine x2  
  101  7:34  Siege Tank  
  108  7:39  Terran Infantry Weapons Level 1, Terran Infantry Armor Level 1, Marine  
  108  7:40  Medivac x2  
  108  7:42  Refinery  
  108  7:43  Refinery  
  114  7:44  SCV  
  114  7:45  SCV x2, Supply Depot  
  114  7:48  Marine  
  114  7:49  Supply Depot  
  117  7:54  Supply Depot  
  117  7:55  Marine x3  
  120  8:01  Marine  
  120  8:03  Marine  
  120  8:05  Marine  
  122  8:07  SCV x3  
  122  8:09  Marine  
  127  8:15  Marine  
  127  8:19  SCV  
  124  8:20  Marine  
  124  8:21  SCV x2  
  124  8:23  Medivac x2  
  124  8:24  Marine  
  132  8:27  Marine  
  132  8:30  Marine  
  132  8:31  Siege Tank  
  137  8:35  Marine  
  137  8:36  Marine  
  137  8:38  SCV x2  
  137  8:39  SCV  
  137  8:40  Marine x2  
  144  8:43  Marine  
  144  8:45  Supply Depot  
  144  8:46  Marine  
  146  8:49  Marine  
  146  8:50  SCV  
  146  8:53  Marine  
  149  9:05  Armory  
  149  9:06  Marine  
  149  9:07  SCV, Medivac x2  
  149  9:08  Supply Depot x2  
  149  9:09  Marine  
  156  9:10  Marine  
  156  9:12  Marine  
  156  9:13  Marine x2  
  156  9:15  Marine  
  156  9:16  Marine  
  125  9:19  Marine  
  125  9:21  SCV x2  
  124  9:26  Marine  
  124  9:29  Marine x2  
  124  9:30  Marine  
  128  9:33  SCV  
  123  9:49  Marine x2  
  123  9:51  Siege Tank, Marine x2  
  123  9:52  SCV x2  
  128  9:53  SCV  
  128  9:55  Marine  
  128  9:58  Marine  
  131  10:02  Marine  
  131  10:04  SCV x2  
  134  10:08  Marine  
  129  10:14  Marine x2  
  129  10:16  Marine x2  
  129  10:18  Medivac x2  
  129  10:19  SCV  
  126  10:23  SCV, Marine x3  
  126  10:24  SCV  
  126  10:25  Marine  
  132  10:28  Marine  
  132  10:31  SCV  
  132  10:32  Marine  
  132  10:34  Marine  
  132  10:35  SCV, Marine  
  137  10:36  SCV  
  137  10:38  Marine  
  143  10:43  SCV  
Show
View Real Time Build Order
Export as new Build Order

Serral Zerg 

Build Orders: Pool First 

Get SALT Encoding   

  12  0:00  Drone  
  13  0:12  Overlord  
  13  0:17  Drone  
  14  0:30  Drone x2  
  14  0:34  Drone  
  17  0:44  Extractor  
  17  0:46  Drone  
  17  0:50  Spawning Pool  
  17  0:55  Drone  
  17  1:06  Drone  
  18  1:19  Hatchery  
  18  1:23  Drone  
  18  1:36  Queen  
  18  1:37  Zergling x2  
  21  1:41  Zergling x2  
  22  1:47  Metabolic Boost  
  22  1:54  Overlord  
  22  2:12  Queen  
  22  2:14  Drone x2  
  26  2:21  Drone  
  27  2:31  Queen, Drone  
  27  2:33  Drone  
  31  2:42  Drone  
  32  2:48  Drone x2  
  33  2:54  Drone x3  
  35  2:58  Overlord  
  35  3:10  Hatchery  
  34  3:13  Zergling x4  
  36  3:24  Queen  
  36  3:26  Zergling x4  
  40  3:27  Drone x2  
  40  3:31  Drone  
  40  3:33  Overlord  
  43  3:35  Drone  
  44  3:41  Overlord  
  44  3:47  Overlord  
  44  3:52  Drone x4  
  44  3:53  Drone x2  
  52  4:06  Lair, Queen  
  52  4:12  Overlord  
  52  4:13  Drone x2  
  52  4:15  Drone  
  55  4:22  Queen  
  57  4:25  Zergling x6  
  57  4:31  Overlord  
  60  4:32  Drone x3  
  60  4:33  Drone  
  64  4:41  Overlord  
  64  4:42  Queen  
  64  4:45  Zergling x6  
  69  4:52  Spore Crawler  
  68  4:53  Spore Crawler  
  68  4:54  Zergling x2  
  68  4:55  Zergling x6  
  68  4:58  Zergling x4  
  72  5:03  Spore Crawler  
  72  5:07  Nydus Network  
  70  5:09  Overseer  
  70  5:11  Zergling x8  
  74  5:18  Zergling x10  
  78  5:22  Queen  
  80  5:29  Overlord  
  80  5:31  Queen  
  82  5:43  Nydus Canal  
  82  5:44  Zergling x14  
  82  5:48  Queen  
  90  5:53  Zergling x6  
  90  5:56  Zergling x2  
  90  5:57  Zergling x4  
  86  6:04  Drone  
  86  6:05  Drone x4  
  86  6:06  Drone  
  86  6:09  Overseer  
  89  6:15  Drone  
  90  6:20  Drone x2  
  90  6:24  Drone  
  93  6:30  Evolution Chamber  
  93  6:31  Evolution Chamber, Drone  
  93  6:32  Drone  
  92  6:36  Extractor x2  
  92  6:39  Queen  
  90  6:41  Drone x3  
  90  6:44  Drone x2  
  90  6:46  Overlord  
  95  6:47  Drone x3  
  95  6:54  Overlord  
  98  7:02  Extractor x2, Zerg Melee Weapons Level 1, Zerg Ground Armor Level 1  
  98  7:03  Overlord  
  98  7:04  Drone x2  
  98  7:05  Drone  
  98  7:06  Drone  
  98  7:07  Drone  
  98  7:08  Drone  
  102  7:14  Spore Crawler, Drone x2  
  100  7:21  Drone x3  
  103  7:27  Drone x2  
  103  7:28  Drone  
  106  7:31  Drone x3  
  106  7:32  Drone  
  109  7:45  Hatchery, Zergling x6  
  111  7:54  Queen x2  
  113  7:59  Zergling x2  
  113  8:00  Zergling x8  
  113  8:04  Zergling x8  
  113  8:10  Baneling Nest  
  112  8:14  Zergling x14  
  112  8:16  Queen  
  121  8:20  Zergling x2  
  121  8:27  Zergling x2  
  121  8:31  Overlord  
  122  8:35  Overlord  
  122  8:36  Overlord  
  122  8:39  Overseer  
  122  8:40  Overlord  
  122  8:47  Hatchery  
  121  8:49  Queen  
  120  8:58  Zergling x14  
  120  8:59  Infestation Pit, Overseer  
  126  9:05  Zergling x14  
  114  9:18  Zergling x8  
  109  9:29  Drone x4  
  109  9:30  Queen  
  109  9:31  Queen  
  117  9:34  Zergling x4  
  117  9:37  Zergling x2  
  117  9:38  Zergling x2  
  120  9:44  Zergling x2  
  104  9:47  Zergling x4  
  97  9:56  Zergling x2  
  97  9:57  Zergling x2  
  98  10:06  Queen x2, Zergling x14  
  98  10:17  Zergling x8  
  98  10:19  Baneling x2  
  98  10:20  Baneling x2  
  93  10:22  Zergling x2  
  94  10:29  Overseer  
  94  10:30  Zergling x6  
  94  10:35  Zergling x8  
  101  10:42  Baneling x5  
Tags
 
Add a new tag
Caveats
  • Supply blocks, unpowered buildings, or Contaminate may cause inaccurate times.
  • Supply counts are checked every 10 seconds.